 Dungeon Crawl Stone Soup version 0.28.0-53-g5a82cb258f (webtiles) character file.

Game seed: 1749372051354032083

149 Diggabert the Covered (level 5, 0/42 HPs)
             Began as a Human Fighter on July 4, 2022.
             Slain by a gnoll
             ... wielding a +2 spear of freezing
              (1 damage)
             ... on level 3 of the Dungeon.
             The game lasted 00:02:50 (2998 turns).

Diggabert the Covered (Human Fighter)               Turns: 2998, Time: 00:02:51

Health: 0/42       AC:  8    Str: 18    XL:     5   Next: 57%
Magic:  5/5        EV:  9    Int:  9    God:
Gold:   51         SH:  4    Dex: 12    Spells: 4/4 levels left

rFire   . . .      SeeInvis .   a - +0 flail
rCold   . . .      Faith    .   c - +0 buckler
rNeg    . . .      Spirit   .   b - +0 scale mail
rPois   .          Reflect  .   (no helmet)
rElec   .          Harm     .   l - +0 cloak
rCorr   .          Rampage  .   (no gloves)
Will    .....                   (no boots)
Stlth   ..........              (no amulet)
HPRegen 0.14/turn               (no ring)
MPRegen 0.09/turn               (no ring)

@: no status effects
A: no striking features
a: no special abilities


You were on level 3 of the Dungeon.
You visited 1 branch of the dungeon, and saw 3 of its levels.

You collected 51 gold pieces.

Inventory:

Hand Weapons
 a - a +0 flail (weapon)
Missiles
 f - 2 boomerangs of dispersal
 i - 6 poisoned darts (quivered)
Armour
 b - a +0 scale mail (worn)
 c - a +0 buckler (worn)
 l - a +0 cloak (worn)
Wands
 n - a wand of paralysis (8)
Scrolls
 e - a scroll of enchant armour {unknown}
 g - a scroll of enchant weapon {unknown}
 h - 3 scrolls of identify {unknown}
 j - a scroll of blinking {unknown}
 m - a scroll of immolation {unknown}
Potions
 d - a potion of might
 k - 4 potions of curing {unknown}


   Skills:
 * Level 3.6 Fighting
 * Level 3.6 Maces & Flails
 * Level 4.0 Armour
 * Level 3.4 Shields


You had 4 spell levels left.
You didn't know any spells.
Your spell library contained the following spells:

 Spells                   Type           Power      Damage    Failure   Level
 Animate Skeleton         Necr           0%         N/A       86%         1
 Pain                     Necr           0%         1d4       86%         1
 Slow                     Hex            0%         N/A       86%         1
 Confusing Touch          Hex            0%         N/A       99%         3
 Vampiric Draining        Necr           0%         2d6       99%         3


Dungeon Overview and Level Annotations

Branches:
Dungeon (3/15)

Altars:


Message History

You are too injured to fight recklessly!
You are too injured to fight recklessly!
You are too injured to fight recklessly!
You are too injured to fight recklessly!
You are too injured to fight recklessly!
You are too injured to fight recklessly!
You are too injured to fight recklessly!
You are too injured to fight recklessly!
You are too injured to fight recklessly!
You are too injured to fight recklessly!
You are too injured to fight recklessly!
You are too injured to fight recklessly!
You are too injured to fight recklessly!
You are too injured to fight recklessly!
You are too injured to fight recklessly!
You are too injured to fight recklessly!
You are too injured to fight recklessly!
You are too injured to fight recklessly!
You sock the gnoll!
You kill the gnoll!
The gnoll hits you from afar with a +2 spear of freezing.
The gnoll freezes you.
* * * LOW HITPOINT WARNING * * *
The gnoll hits you from afar with a +0 spear.
* * * LOW HITPOINT WARNING * * *
You block the gnoll's attack. The gnoll hits you with a +0 spear.
* * * LOW HITPOINT WARNING * * *
Things that are here:
a +0 spear; a gnoll corpse You sock the gnoll!
The gnoll is heavily wounded.
The gnoll hits you with a +2 spear of freezing.
* * * LOW HITPOINT WARNING * * *
The gnoll freezes you.
* * * LOW HITPOINT WARNING * * *
The gnoll closely misses you.
The gnoll hits you with a +2 spear of freezing.
* * * LOW HITPOINT WARNING * * *
The gnoll freezes you.
You die...

### ## .# #.. #. .. #.# #. .##
#.#####.# #.#.. #........ ....
#...# #######.# #...# #...# #.#
#...# #.gg# #.. #...# #@# ##.
#...# #)# ##########<
####...###### #.# #....[##...
............## #.######.....##.#.
.............# #............##.#.
.............# #..##.##.....##.#†
####...#####.###..##.##.....##.##
#...# #.........##.######...
#...# #####..#.###.# ####


You could see 2 gnolls.

Vanquished Creatures
  Crazy Yiuf (D:2)
  2 gnolls (D:3)
  4 adders
  A worm (D:2)
  A dart slug (D:2)
  An orc (D:3)
  5 endoplasms
  2 giant cockroaches (D:2)
  6 goblins
  8 hobgoblins
  7 jackals (D:2)
  2 quokkas (D:2)
  4 ball pythons
  3 bats
  4 frilled lizards
  4 kobolds
  3 rats
58 creatures vanquished.

Notes
Turn   | Place    | Note
-------+----------+-------------------------------------------
     0 | D:1      | Diggabert the Human Fighter began the quest for the Orb.
     0 | D:1      | Reached XP level 1. HP: 18/18 MP: 1/1
   319 | D:1      | Reached XP level 2. HP: 23/24 MP: 2/2
   897 | D:2      | Reached XP level 3. HP: 18/29 MP: 3/3
  1450 | D:2      | Reached XP level 4. HP: 34/35 MP: 4/4
  1926 | D:2      | Found a runed translucent door.
  1927 | D:2      | Noticed Crazy Yiuf
  2126 | D:2      | Killed Crazy Yiuf
  2413 | D:3      | Reached XP level 5. HP: 41/41 MP: 5/5
  2975 | D:3      | Identified the +0 robe "Gomp" {rF++ Dex+2}
  2995 | D:3      | Reached skill level 4 in Armour
  2998 | D:3      | HP: 1/42 [gnoll/+2 spear of freezing (3)]
  2998 | D:3      | Slain by a gnoll

Illustrated notes

Levels and vault maps discovered:
D:1:      lightli_arrival_noodles, layout_basic
D:2:      layout_loops_ring, uniq_crazy_yiuf_cottage
D:3:      layout_loops_cross

Skill      XL: |  1  2  3  4  5 |
---------------+----------------+-----
Maces & Flails | 3 |  3.6
Armour         | 4 |  4.0
Fighting       | |  3.6
Shields        | |  3.4

Action                   |  1- 3 |  4- 6 || total
-------------------------+-------+-------++-------
Melee: Flail             |    93 |   101 ||   194
Armor: Scale mail        |    54 |    51 ||   105
Dodge: Dodged            |    54 |    80 ||   134
Block: Buckler           |    36 |    27 ||    63
